 Dungeon Crawl Stone Soup version 0.32-a0-172-gc5dd13f2a7 (webtiles) character file.

Game seed: 12054884686957282424

459 Newt the Slasher (level 7, 0/58 HPs)
             Began as a Barachi Fighter on Feb 12, 2024.
             Slain by Menkaure (15 damage)
             ... on level 4 of the Dungeon.
             The game lasted 00:03:55 (3537 turns).

Newt the Slasher (Barachi Fighter)                  Turns: 3537, Time: 00:03:55

Health: 0/58       AC: 10    Str: 19    XL:     7   Next: 6%
Magic:  7/7        EV:  9    Int:  9    God:
Gold:   50         SH:  4    Dex: 11    Spells: 6/6 levels left

rFire   . . .        a - +0 long sword
rCold   . . .        c - +0 buckler
rNeg    + . .        b - +0 scale mail
rPois   .            (no helmet)
rElec   .            d - +2 cloak {Will+}
rCorr   .            (no gloves)
SInv    .            (no boots)
Will    +....        (no amulet) Stlth
                     e - ring of positive energy
HPRegen 0.29/turn    (no ring)
MPRegen 0.10/turn

%: no passive effects
@: slow
A: amphibious, slowness 1, strong legs 1, +LOS
a: Hop


You were on level 4 of the Dungeon.
You visited 1 branch of the dungeon, and saw 4 of its levels.

You collected 146 gold pieces.
You spent 96 gold pieces at shops.

Inventory:

Hand Weapons
 a - a +0 long sword (weapon)
Missiles
 h - 10 poisoned darts (quivered)
 i - 4 curare-tipped darts
Armour
 b - a +0 scale mail (worn)
 c - a +0 buckler (worn)
 d - a +2 cloak of willpower (worn)
 l - a +1 cloak
Jewellery
 e - a ring of positive energy (left hand)
 f - an amulet of faith
Scrolls
 g - a scroll of amnesia
 j - 2 scrolls of immolation
 k - a scroll of torment
 m - a scroll of identify
Potions
 o - 2 potions of haste {unknown}
 p - a potion of heal wounds
 q - a potion of ambrosia {unknown}
 r - a potion of enlightenment {unknown}
 s - a potion of curing


   Skills:
 + Level 6.1 Fighting
 - Level 7.3 Long Blades
 * Level 3.6 Armour
 - Level 3.2 Shields


You had 6 spell levels left.
You didn't know any spells.
Your spell library was empty.

Dungeon Overview and Level Annotations

Branches:
Dungeon (4/15)
 Temple: D:4-7

Altars:
Trog
Uskayaw
Xom

Shops:
D:3 *   D:4 :

Annotations:
D:4 Menkaure


Innate Abilities, Weirdness & Mutations

You are amphibious.
You cover ground slowly.
You can hop short distances.
You have an extended range of vision and can be seen from far away.


Message History

i - 4 curare-tipped darts (gained 1)
h - 4 poisoned darts (gained 2)
Found a stone staircase leading up.
h - 5 poisoned darts (gained 1)
h - 10 poisoned darts (gained 5)
Found a stone staircase leading down.
Search for what [Enter for "."]? .
o - 2 viscous blue potions (gained 1) Menkaure, Prince of Dust comes into view.
Menkaure shouts!
Menkaure is nearby!
Menkaure is nearby!
Menkaure calls on the powers of darkness!
Your body is wracked with pain!
Found a leather armour.
Found an escape hatch in the ceiling.
Menkaure gestures at you while chanting.
Pain shoots through your body!
Menkaure mumbles some strange words.
Menkaure seems to speed up.
Menkaure hits you!
* * * LOW HITPOINT WARNING * * *
Menkaure hits you but does no damage.
You are too injured to fight recklessly!
You are too injured to fight recklessly!
You hit Menkaure but do no damage.
Menkaure points at you and mumbles some strange words.
You resist with some effort.
Unknown command.
You slash Menkaure!
Menkaure is heavily damaged.
You block Menkaure's attack.
Unknown command.
You hit Menkaure but do no damage.
Menkaure is heavily damaged.
You block Menkaure's attack.
Unknown command.
You hit Menkaure.
Menkaure is heavily damaged.
Menkaure hits you!
You die...

...... ## ...... ##..
....... .. ... ...... ...
.. <...# [... .###....
...# #... #.....#.....#
.#...##.M..........
........@.# ......##
.........## ..........
..........###...........
..!.....................
.............#.#........
#..........#####..<.....
#..........#.#...........
##....#......#...........
#.....#.............##...


You could see Menkaure (fast).

Vanquished Creatures
  Sigmund (D:4)
  Edmund (D:4)
  An orc priest (D:3)
  Crazy Yiuf (D:2)
  2 orc wizards (D:3)
  2 adders (D:2)
  2 dart slugs
  2 orcs
  9 ball pythons
  4 endoplasms
  A giant cockroach (D:2)
  4 goblins
  5 hobgoblins
  2 jackals (D:2)
  6 quokkas
  6 bats
  3 frilled lizards
  9 kobolds
  A rat (D:3)
62 creatures vanquished.

Vanquished Creatures (others)
  A ribbon worm (D:3)
  A giant cockroach (D:3)
  A goblin (D:3)
  A ball python (D:3)
  A kobold (D:3)
5 creatures vanquished.

Grand Total: 67 creatures vanquished

Notes
Turn   | Place    | Note
-------+----------+-------------------------------------------
     0 | D:1      | Newt the Barachi Fighter began the quest for the Orb.
     0 | D:1      | Reached XP level 1. HP: 18/18 MP: 1/1
   351 | D:1      | Reached skill level 3 in Long Blades
   351 | D:1      | Reached XP level 2. HP: 23/25 MP: 2/2
   844 | D:2      | Found a bloodstained altar of Trog.
   893 | D:2      | Reached XP level 3. HP: 21/30 MP: 3/3
  1242 | D:2      | Identified the +1 robe of Intercession {MP-9 Str+7}
  1278 | D:2      | Reached skill level 4 in Long Blades
  1738 | D:2      | Found a runed translucent door.
  1739 | D:2      | Noticed Crazy Yiuf
  1745 | D:2      | Killed Crazy Yiuf
  1746 | D:2      | Reached XP level 4. HP: 38/38 MP: 4/4
  1787 | D:3      | Found a shimmering altar of Xom.
  1915 | D:3      | Reached skill level 5 in Long Blades
  1915 | D:3      | Reached XP level 5. HP: 33/43 MP: 5/5
  1931 | D:3      | HP: 1/43 [something/puff of flame (4)]
  1938 | D:3      | Reached skill level 5 in Fighting
  2435 | D:3      | Found Cecoll's Assorted Antiques.
  2466 | D:3      | Bought a scroll labelled DUAJOH OVULU for 32 gold pieces
  2468 | D:3      | Bought a scroll of identify for 64 gold pieces
  2713 | D:3      | Found a hide-covered altar of Uskayaw.
  2924 | D:4      | Noticed Edmund
  2946 | D:4      | Killed Edmund
  2947 | D:4      | Reached skill level 6 in Long Blades
  2947 | D:4      | Reached XP level 6. HP: 4/51 MP: 6/6
  2975 | D:4      | Noticed Sigmund
  3316 | D:4      | Found Iklic's Self-Published Books.
  3334 | D:4      | Killed Sigmund
  3335 | D:4      | Reached skill level 7 in Long Blades
  3335 | D:4      | Reached XP level 7. HP: 41/58 MP: 7/7
  3528 | D:4      | Noticed Menkaure
  3537 | D:4      | Slain by Menkaure

Illustrated notes

Levels and vault maps discovered:
D:1:      dpeg_arrival_central, layout_loops_ring
D:2:      layout_basic, basic_altar, uniq_crazy_yiuf_cottage
D:3:      layout_basic, nicolae_uskayaw_murder_on_the_dancefloor,
          xom_confusion_cloud, serial_shops, nicolae_shop_tiny_statue_garden,
          kennysheep_generic_room_3
D:4:      minmay_chambers_of_threes, layout_cave_pools,
          minmay_temple_entry_nine_rooms, gammafunk_ghost_split,
          nicolae_custom_books, uniq_edmund, uniq_menkaure, uniq_sigmund

Skill      XL: |  1  2  3  4  5  6 |
---------------+-------------------+-----
Long Blades    | 3 4 5 6 7 |  7.3
Fighting       | 4 5 6 |  6.1
Armour         | |  3.6
Shields        | |  3.2

Action                     |  1- 3 |  4- 6 |  7- 9 || total
---------------------------+-------+-------+-------++-------
  Melee: Long sword        |    96 |   106 |    10 ||   212
  Throw: Dart              |       |    13 |       ||    13
    Use: Potion            |     2 |     1 |       ||     3
         Scroll            |       |     5 |       ||     5
 Armour: Scale mail        |    61 |    98 |     5 ||   164
  Dodge: Dodged            |    47 |    30 |     1 ||    78
  Block: Buckler           |    26 |    26 |     4 ||    56

Table legend: (Time is in decaauts)
 A = Elapsed time spent in this place.
 B = Non-inter-level travel time spent in this place.
 C = Inter-level travel time spent in this place.
 D = Time resting spent in this place.
 E = Time spent auto-exploring this place.
 F = Levels seen in this place.
 G = Mean time per level.
                   A        B        C        D        E       F      G
               +--------+--------+--------+--------+--------+-----+--------+
         Total |   3994 |   3749 |    245 |   1038 |   2145 |   4 |  998.5 |
       Dungeon |   3994 |   3749 |    245 |   1038 |   2145 |   4 |  998.5 |
               +--------+--------+--------+--------+--------+-----+--------+

Top non-repeatable levels by time:
     D:3: 1627 daAuts
     D:2: 1102 daAuts
     D:1: 975 daAuts
     D:4: 289 daAuts
